 Dungeon Crawl Stone Soup version 0.31.0-11-ge490571c62 (webtiles) character file.

Game seed: 15950959214029789345

44 Strat the Sneak (level 3, -7/29 HPs)
             Began as a Human Delver on Jan 28, 2024.
             Killed by divine providence
             ... invoked by an orc priest
              (12 damage)
             ... on level 4 of the Dungeon.
             The game lasted 00:01:11 (229 turns).

Strat the Sneak (Human Delver)                       Turns: 229, Time: 00:01:11

Health: -7/29      AC:  3    Str: 12    XL:     3   Next: 60%
Magic:  3/3        EV: 12    Int: 10    God:
Gold:   28         SH:  0    Dex: 16    Spells: 2/2 levels left

rFire   . . .        a - +0 short sword
rCold   . . .        (no shield)
rNeg    . . .        b - +0 leather armour
rPois   .            (no helmet)
rElec   .            (no cloak)
rCorr   .            (no gloves)
SInv    .            (no boots)
Will    .....        (no amulet)
Stlth   +++          (no ring)
HPRegen 0.24/turn    (no ring)
MPRegen 0.08/turn

%: no passive effects
@: hasted, very quick
A: explore regen
a: no special abilities


You were on level 4 of the Dungeon.
You visited 1 branch of the dungeon, and saw 2 of its levels.

You collected 28 gold pieces.

Inventory:

Hand Weapons
 a - a +0 short sword (weapon)
Missiles
 e - 4 poisoned darts
 h - 5 atropa-tipped darts (quivered)
Armour
 b - a +0 leather armour (worn)
Wands
 g - a wand of digging (3)
Scrolls
 c - a scroll of fog
 d - a scroll of teleportation {unknown}


   Skills:
 + Level 3.5 Fighting
 + Level 2.7 Short Blades
 - Level 2.0 Dodging
 + Level 5.4 Stealth


You had 2 spell levels left.
You didn't know any spells.
Your spell library was empty.

Dungeon Overview and Level Annotations

Branches:
Dungeon (5/15)
 Temple: D:4-7

Altars:


Innate Abilities, Weirdness & Mutations

You regain HP and MP as you explore.


Message History

You hit the orc priest.
The orc priest is moderately wounded.
The orc priest closely misses you.
You barely miss the orc priest.
The orc priest is moderately wounded.
The orc priest barely misses you.
You hit the orc priest.
The orc priest is heavily wounded.
The orc priest closely misses you.
You hit the orc priest.
The orc priest is heavily wounded.
The orc priest hits you with a +0 club.
You closely miss the orc priest.
The orc priest is heavily wounded.
The orc priest hits you with a +0 club.
* * * LOW HITPOINT WARNING * * *
You barely miss the orc priest.
The orc priest is heavily wounded.
You hit the orc priest.
The orc priest is heavily wounded.
The orc priest hits you with a +0 club.
* * * LOW HITPOINT WARNING * * *
Unknown command.
You feel yourself speed up.
The orc priest hits you but does no damage.
You closely miss the orc priest.
The orc priest is heavily wounded.
The orc priest hits you but does no damage.
You hit the orc priest.
The orc priest is severely wounded.
You hit the orc priest but do no damage.
The orc priest is severely wounded.
The orc priest mumbles some strange prayers to Beogh against you.
Beogh smites you!
* * * LOW HITPOINT WARNING * * *
You closely miss the orc priest.
The orc priest is severely wounded.
The orc priest calls down the wrath of Beogh upon you.
Beogh smites you!
You die...

.# .#####
.....# #....#
#.... # 8'8 .#
.######.#.#.
.....'.@#..
.....'o.#.#
.######.#.#####
#8'8......
#....#####
######....#
....(.....#
##..#.....# ...
##..#.##


You could see an orc priest.

Vanquished Creatures
  A howler monkey (D:4)
  A giant cockroach (D:4)
  A goblin (D:4)
  A hobgoblin (D:4)
  2 kobolds (D:4)
6 creatures vanquished.

Notes
Turn   | Place    | Note
-------+----------+-------------------------------------------
     0 | D:5      | Strat the Human Delver began the quest for the Orb.
     0 | D:5      | Reached XP level 1. HP: 18/18 MP: 1/1
     3 | D:5      | Noticed a bombardier beetle
    27 | D:5      | Noticed a bombardier beetle
    46 | D:5      | Noticed an iguana
    51 | D:5      | Noticed an iguana
   131 | D:4      | Noticed a howler monkey
   156 | D:4      | Killed a howler monkey
   157 | D:4      | Reached XP level 2. HP: 18/24 MP: 2/2
   157 | D:4      | Reached XP level 3. HP: 21/29 MP: 3/3
   229 | D:4      | Killed from afar by an orc priest

Illustrated notes

Levels and vault maps discovered:
D:4:      layout_loops_ring, mainiacjoe_overflow_catwalk, jmf_multi_god_temple2,
          uniq_eustachio
D:5:      layout_cave_pods, worldfamousw_hep_ancestral_shrine,
          uniq_blork_the_orc, uniq_sigmund

Action                     || total
---------------------------++-------
  Melee: Short sword       ||    41
    Use: Scroll            ||     2
         Potion            ||     1
 Armour: Leather armour    ||    17
  Dodge: Dodged            ||    17
